 Dungeon Crawl Stone Soup version 0.29-a0-609-gb56f46d856 (webtiles) character file.

Game seed: 11556402966460559856

121023 CrazyBamboolord the Cutthroat (level 17, -1/120 HPs)
             Began as a Kobold Fighter on June 16, 2022.
             Was a Believer of Uskayaw.
             Slain by an entropy weaver simulacrum (4 damage)
             ... in an ice cave.
             The game lasted 01:13:55 (36771 turns).

CrazyBamboolord the Cutthroat (Kobold Fighter)     Turns: 36771, Time: 01:13:55

Health: -1/120     AC: 26    Str: 18    XL:     17   Next: 38%
Magic:  16/25      EV: 17    Int:  8    God:    Uskayaw [**....]
Gold:   2412       SH: 12    Dex: 26    Spells: 16/16 levels left

rFire   + . .      SeeInvis .   Y - +8 long sword of the Shifting Gods {venom, rF+}
rCold   + + +      Faith    +   c - +2 buckler
rNeg    + . .      Spirit   .   n - +5 scale mail of Submission {rC+}
rPois   +          Reflect  .   b - +2 helmet
rElec   .          Harm     .   T - +0 cloak of the Known World {rN+}
rCorr   .          Rampage  +   G - +2 pair of gloves {Str+3}
Will    +....                   X - +2 pair of boots {rampage}
Stlth   ++++......              q - amulet of faith
HPRegen 0.30/turn               V - +6 ring of dexterity
MPRegen 0.19/turn               W - ring of Gusoryege {rPois rC++ Stlth+}

@: studying Spellcasting
A: small, no large weapons, nightstalker 3, dopey 1, passive freeze, MP-powered
wands
a: Renounce Religion, Stomp, Line Pass


You were in an ice cave.
You worshipped Uskayaw.
Uskayaw was aware of your devotion.
You visited 5 branches of the dungeon, and saw 26 of its levels.
You also visited: Ossuary, Bailey, Gauntlet and Ice Cave.

You collected 3344 gold pieces.
You spent 932 gold pieces at shops.

Inventory:

Hand Weapons
 a - a +7 rapier of chaos
 Y - the +8 long sword of the Shifting Gods (weapon) {venom, rF+}
   (You found it on level 10 of the Dungeon)

   It poisons the flesh of those it strikes.
   rF:        It protects you from fire.
Missiles
 Q - 2 throwing nets (quivered)
Armour
 b - a +2 helmet (worn)
 c - a +2 buckler (worn)
 n - the +5 scale mail of Submission (worn) {rC+}
   (You found it on level 2 of the Dungeon)

   rC:        It protects you from cold.
 s - a +2 cloak
 u - the +7 chain mail of Satisfaction {+Inv Fly rPois Will-}
   (You found it on level 5 of the Dungeon)

   rPois:     It protects you from poison.
   +Inv:      It lets you turn invisible.
   Fly:       It grants you flight.
   Will:      It decreases your willpower.
 A - an orb of light
 G - a +2 pair of gloves of strength (worn)
 T - the +0 cloak of the Known World (worn) {rN+}
   (You found it on level 6 of the Lair of Beasts)

   rN:        It protects you from negative energy.
 X - a +2 pair of boots of rampaging (worn)
Jewellery
 p - a ring of flight
 q - an amulet of faith (around neck)
 y - a ring of wizardry
 J - the amulet of Jynagao {Acrobat Regen+ Dex+2}
   (You acquired it on level 1 of the Snake Pit)

   [amulet of the acrobat]

   It increases your evasion while moving and waiting.
   Dex:       It affects your dexterity (+2).
   Regen:     It increases your rate of health regeneration.
 K - the ring of the Festooned God {Ice Fly}
   (You took it off a minotaur in a Gauntlet)

   [ring of ice]

   It enhances your ice magic.
   rF:        It makes you vulnerable to fire.
   rC:        It protects you from cold.
   Fly:       It grants you flight.
 M - an amulet of reflection
 U - a ring of positive energy
 V - a +6 ring of dexterity (left hand)
 W - the ring of Gusoryege (right hand) {rPois rC++ Stlth+}
   (You found it on level 10 of the Dungeon)

   [ring of poison resistance]

   rC:        It greatly protects you from cold.
   rPois:     It protects you from poison.
   Stlth:     It makes you more stealthy.
Wands
 g - a wand of iceblast (22)
 j - a wand of paralysis (18)
 l - a wand of mindburst (57)
 C - a wand of flame (53)
 R - a wand of quicksilver (10)
Scrolls
 d - 8 scrolls of vulnerability
 e - a scroll of fear
 f - 2 scrolls of amnesia
 h - a scroll of summoning
 m - 9 scrolls of teleportation
 x - 2 scrolls of fog
 z - 6 scrolls of immolation
 D - 7 scrolls of poison
 E - a scroll of silence
 H - 3 scrolls of identify
 I - 2 scrolls of magic mapping
 O - 4 scrolls of noise
 S - 2 scrolls of torment
Potions
 i - 6 potions of flight
 k - 10 potions of degeneration
 o - 7 potions of lignification
 r - 14 potions of curing
 t - 4 potions of mutation
 v - 4 potions of invisibility
 w - 2 potions of cancellation
 B - 3 potions of attraction
 F - a potion of resistance
 L - 5 potions of haste
 N - 3 potions of brilliance
 P - 3 potions of might
 Z - a potion of magic


   Skills:
 * Level 18.9 Fighting
 * Level 21.2 Short Blades
 * Level 11.6 Armour
 - Level 6.5 Dodging
 - Level 4.0 Stealth
 * Level 11.9 Shields
 - Level 11.0 Invocations


You had 16 spell levels left.
You didn't know any spells.
Your spell library contained the following spells:

 Spells                   Type           Power      Damage    Failure   Level
 Magic Dart               Conj           0%         1d3       80%         1
 Necrotize                Necr           0%         1d4       80%         1
 Slow                     Hex            0%         N/A       80%         1
 Searing Ray              Conj           0%         2d4       91%         2
 Static Discharge         Conj/Air       0%         N/A       91%         2
 Confusing Touch          Hex            0%         N/A       99%         3
 Ignite Poison            Fire/Tmut/Pois 0%         N/A       99%         3
 Mephitic Cloud           Conj/Pois/Air  0%         N/A       99%         3
 Ozocubu's Armour         Ice            0%         N/A       99%         3
 Portal Projectile        Hex/Tloc       0%         N/A       99%         3
 Summon Guardian Golem    Hex/Summ       0%         N/A       99%         3
 Tukima's Dance           Hex            0%         N/A       99%         3
 Vampiric Draining        Necr           0%         2d6       99%         3
 Dispel Undead            Necr           0%         3d6       100%        4
 Fulminant Prism          Conj/Hex       0%         3d6       100%        4
 Leda's Liquefaction      Hex/Erth       0%         N/A       100%        4
 Sticky Flame             Conj/Fire      0%         2d3       100%        4
 Agony                    Necr           0%         N/A       100%        5
 Alistair's Intoxication  Tmut/Pois      0%         N/A       100%        5
 Blade Hands              Tmut           0%         N/A       100%        5
 Borgnjor's Vile Clutch   Necr/Erth      0%         N/A       100%        5
 Freezing Cloud           Conj/Ice/Air   0%         6-21      100%        5
 Lee's Rapid Deconstruct  Erth           0%         3d5*      100%        5
 Metabolic Englaciation   Hex/Ice        0%         N/A       100%        5
 Eringya's Noxious Bog    Tmut/Pois      0%         N/A       100%        6
 Simulacrum               Ice/Necr       0%         N/A       100%        6
 Statue Form              Tmut/Erth      0%         N/A       100%        6
 Orb of Destruction       Conj           0%         9d5       100%        7
 Ozocubu's Refrigeration  Ice            0%         4d5       100%        7
 Spellforged Servitor     Conj/Summ      0%         N/A       100%        7


Dungeon Overview and Level Annotations

Branches:
Dungeon (14/15)            Temple (1/1) D:6            Lair (6/6) D:11
 Shoals (0/4) Lair:2        Snake (3/4) Lair:2        Slime (0/5) Lair:6
    Orc (2/2) D:12            Elf (0/3) Orc:2        Vaults (0/5) D:14
Ossuary (visited)          Bailey (visited)           IceCv (1/1)
Gauntlet (visited)

Altars:
Cheibriados
Elyvilon
Hepliaklqana
Kikubaaqudgha
Makhleb
Okawaru
Qazlal
Uskayaw
Wu Jian
Xom
Yredelemnul
Beogh
Jiyva

Shops:
D:9 [   D:10 =   Orc:2 *(((*   Snake:1 ?!=   Snake:2 :=:

Annotations:
Lair:2 1 runed translucent door, ohados's ghost, journeyman FeEE
Snake:3 exclusion: 2 ice statues


Innate Abilities, Weirdness & Mutations

You are small and have problems with some larger weapons.
You are completely attuned to the shadows.
You are dopey. (Int -2)
A frigid envelope surrounds you and freezes all who hurt you.
You expend magic power (3 MP) to strengthen your wands.


Message History

* * * LOW HITPOINT WARNING * * *
The entropy weaver simulacrum freezes you.
You resist.
* * * LOW HITPOINT WARNING * * *
The entropy weaver simulacrum completely resists.
The entropy weaver simulacrum closely misses you.
The entropy weaver simulacrum hits you but does no damage.
The entropy weaver simulacrum completely resists.
You block the entropy weaver simulacrum's attack. x2
The entropy weaver simulacrum hits you but does no damage. x2
The entropy weaver simulacrum attacks as you move away!
The entropy weaver simulacrum hits you but does no damage.
The entropy weaver simulacrum completely resists.
You block the entropy weaver simulacrum's attack. x2
The entropy weaver simulacrum misses you.
The entropy weaver simulacrum attacks as you move away!
The entropy weaver simulacrum misses you.
You block the entropy weaver simulacrum's attack.
The entropy weaver simulacrum misses you.
The entropy weaver simulacrum hits you!
* * * LOW HITPOINT WARNING * * *
The entropy weaver simulacrum freezes you.
You resist.
* * * LOW HITPOINT WARNING * * *
The entropy weaver simulacrum completely resists.
There is an ice covered gate leading back out of this place here.
Okay, then.
Hit: Y) +8 long sword of the Shifting Gods {venom, rF+}
Press: ? - help, Dir - move target, f/p - entropy weaver simulacrum
Aim: an entropy weaver simulacrum (almost destroyed, about 18% to evade the +8 long sword of the Shifting Gods)
Okay, then.
Aiming: Line Pass
Press: ? - help, Dir - move target, p - entropy weaver simulacrum The entropy weaver simulacrum appears confused.
The entropy weaver simulacrum attacks as you move away!
The entropy weaver simulacrum hits you!
* * * LOW HITPOINT WARNING * * *
The entropy weaver simulacrum freezes you.
You resist.
You die...

##...
...##
#...#
#...#
#.∩.#
##@Z##
#.Z.#
##..#
####


You could see 2 entropy weaver simulacra.

Vanquished Creatures
  Nikola (Snake:2)
  A sphinx (D:12)
  Roxanne (Snake:1)
  Aizul (Snake:1)
  An ironbound preserver (D:14)
  Snorg (D:11)
  A minotaur (Gauntlet)
  10 hydras
  An ogre mage (D:10)
  3 catoblepae
  7 centaur warriors
  2 boulder beetles
  2 anacondas (Snake:1)
  3 two-headed ogres
  A deep troll shaman (Lair:6)
  4 death yaks
  A hell hog (Gauntlet)
  4 orc high priests (Orc:2)
  4 shock serpents
  6 naga sharpshooters
  2 thrashing horrors (Gauntlet)
  A flayed ghost (D:12)
  5 skeletal warriors
  Lodul (D:11)
  A spriggan simulacrum (IceCv)
  3 orc knights
  9 deep elf pyromancers
  3 deep elf zephyrmancers (Orc:1)
  An orc sorcerer (Orc:2)
  An oklob plant (D:11)
  8 cyclopes
  11 ugly things
  4 mana vipers
  4 manticores
  3 salamanders
  27 elephants
  7 naga magi
  3 guardian serpents
  14 black mambas
  A molten gargoyle (Lair:5)
  11 cane toads
  2 rime drakes
  An unseen horror (D:11)
  12 komodo dragons
  A kobold demonologist (D:12)
  2 tengu conjurers (D:10)
  5 polar bears
  6 trolls
  Prince Ribbit (D:8)
  A hornet (D:9)
  The ghost of Ijustatesigmund the Digger, an amateur GnEE (D:3)
  A slime creature (D:10)
  30 blink frogs
  A snapping turtle (Lair:2)
  9 dream sheep
  Sigmund (D:4)
  A wraith (D:12)
  2 shadows
  A vampire (D:11)
  6 fire bats
  2 spriggans (shapeshifter)
  2 wyverns
  A large abomination (Gauntlet)
  Eustachio (D:6)
  26 yaks
  5 vampire mosquitoes
  A human (D:10)
  5 basilisks
  6 steam dragons
  Menkaure (D:4)
  A minotaur simulacrum (IceCv)
  Edmund (D:6)
  16 nagas
  2 acid dragons
  2 hell hounds (Gauntlet)
  6 wargs
  18 water moccasins
  37 orc warriors
  2 black bears (Lair:6)
  7 ogres
  25 wolves
  A boggart (D:10)
  14 centaurs
  2 kobold brigands
  15 bullfrogs
  An elf zombie (Ossuary)
  2 necrophages
  7 small abominations (Gauntlet)
  A scorpion (Lair:2)
  2 elf skeletons (D:5)
  12 wights
  9 killer bees
  An electric eel (Lair:2)
  A howler monkey (D:6)
  A crimson imp (D:10)
  4 hounds
  4 jellies
  A gnoll shaman (D:4)
  31 orc priests
  3 iguanas
  Terence (D:2)
  42 orc wizards
  2 mummies (Ossuary)
  Robin (D:2)
  7 gnolls
  9 adders
  4 ufetubi
  3 worms
  2 dart slugs
  83 orcs
  11 endoplasms
  3 giant cockroaches
  14 goblins
  12 hobgoblins
  5 jackals (D:4)
  21 kobolds
  4 quokkas
  4 ball pythons
  4 bats
  7 frilled lizards
  A gnoll zombie (Ossuary)
  5 goblin zombies (Ossuary)
  5 hobgoblin zombies (Ossuary)
  2 orc skeletons (D:5)
  4 orc zombies
  9 rats
803 creatures vanquished.

Vanquished Creatures (others)
  Asterion (Snake:1)
  2 deep elf zephyrmancers (Orc:1)
  A naga mage (Snake:1)
  An orc priest (D:9)
  38 fungi
  61 plants
104 creatures vanquished.

Grand Total: 907 creatures vanquished

Notes
Turn   | Place    | Note
-------+----------+-------------------------------------------
     0 | D:1      | CrazyBamboolord the Kobold Fighter began the quest for the
                  | Orb.
     0 | D:1      | Reached XP level 1. HP: 14/14 MP: 1/1
   480 | D:1      | Reached XP level 2. HP: 19/19 MP: 2/2
   645 | D:1      | Reached skill level 3 in Short Blades
   835 | D:1      | Found a faded altar of an unknown god.
   843 | D:1      | Reached XP level 3. HP: 24/24 MP: 3/3
   982 | D:1      | Reached skill level 1 in Dodging
  1615 | D:2      | Noticed Terence
  1626 | D:2      | Killed Terence
  1627 | D:2      | Reached skill level 4 in Short Blades
  1627 | D:2      | Reached XP level 4. HP: 14/29 MP: 4/4
  2010 | D:2      | Found an ancient bone altar of Kikubaaqudgha.
  2450 | D:2      | Identified the +5 scale mail of Submission {rC+}
  2580 | D:2      | Noticed Robin
  2627 | D:2      | Killed Robin
  2640 | D:2      | Reached XP level 5. HP: 9/33 MP: 5/5
  3186 | D:3      | Reached skill level 5 in Short Blades
  3440 | D:3      | Found a runed translucent door.
  3496 | D:3      | Noticed Ijustatesigmund's ghost (amateur GnEE)
  3546 | D:3      | Killed Ijustatesigmund's ghost
  3547 | D:3      | Reached skill level 6 in Short Blades
  3547 | D:3      | Reached XP level 6. HP: 14/39 MP: 6/6
  4315 | D:4      | Reached XP level 7. HP: 37/44 MP: 7/7
  4561 | D:4      | Noticed Sigmund
  4825 | D:4      | Gained mutation: You are dopey. (Int -2) [potion of
                  | mutation]
  4825 | D:4      | Gained mutation: You expend magic power (3 MP) to
                  | strengthen your wands. [potion of mutation]
  4825 | D:4      | Gained mutation: A frigid envelope surrounds you and
                  | freezes all who hurt you. [potion of mutation]
  4826 | D:4      | Killed Sigmund
  4827 | D:4      | Reached skill level 7 in Short Blades
  4827 | D:4      | Reached skill level 1 in Stealth
  5134 | D:4      | Noticed a steam dragon
  5144 | D:4      | Killed a steam dragon
  5145 | D:4      | Reached XP level 8. HP: 32/48 MP: 8/8
  5385 | D:4      | Reached skill level 8 in Short Blades
  5705 | D:4      | Noticed Menkaure
  5715 | D:4      | Killed Menkaure
  5716 | D:4      | Reached skill level 5 in Fighting
  5882 | D:5      | Entered Level 5 of the Dungeon
  5931 | D:5      | Identified a scroll of acquirement
  5931 | D:5      | Acquired a manual of Short Blades
  6426 | D:5      | Reached skill level 9 in Short Blades
  6485 | D:5      | Found a sand-covered staircase.
  6503 | Ossuary  | Entered an ossuary
  6647 | Ossuary  | Reached skill level 10 in Short Blades
  6782 | D:5      | Identified the +7 chain mail of Satisfaction {+Inv Fly
                  | rPois Will-}
  7197 | D:6      | Reached skill level 11 in Short Blades
  7197 | D:6      | Reached XP level 9. HP: 45/54 MP: 9/9
  7392 | D:6      | Reached skill level 12 in Short Blades
  7592 | D:6      | Found a staircase to the Ecumenical Temple.
  7620 | D:6      | Noticed Eustachio
  7622 | Temple   | Entered the Ecumenical Temple
  7633 | Temple   | Became a worshipper of Uskayaw the Reveller
  7645 | D:6      | Reached * piety under Uskayaw
  7651 | D:6      | Reached ** piety under Uskayaw
  7653 | D:6      | Killed Eustachio
  7969 | D:6      | Noticed Edmund
  7992 | D:6      | Killed Edmund
  7993 | D:6      | Reached skill level 5 in Dodging
  8551 | D:7      | Reached skill level 13 in Short Blades
  8574 | D:7      | Reached *** piety under Uskayaw
  8590 | D:7      | Reached **** piety under Uskayaw
  8596 | D:7      | Reached ***** piety under Uskayaw
  8602 | D:7      | Reached skill level 14 in Short Blades
  8605 | D:7      | Reached skill level 1 in Invocations
  8605 | D:7      | Reached XP level 10. HP: 7/61 MP: 1/10
  8815 | D:7      | Found a white marble altar of Elyvilon.
  8858 | D:7      | Found a flagged portal.
  8868 | Bailey   | Entered a bailey
  9258 | Bailey   | Reached skill level 15 in Short Blades
  9595 | Bailey   | Noticed an orc knight
  9914 | Bailey   | Killed an orc knight
 10280 | Bailey   | Reached skill level 16 in Short Blades
 10382 | Bailey   | Acquired a manual of Fighting
 10752 | D:8      | Noticed Prince Ribbit
 10756 | D:8      | Killed Prince Ribbit
 10757 | D:8      | Reached skill level 5 in Armour
 11000 | D:8      | Reached XP level 11. HP: 68/68 MP: 13/13
 11625 | D:9      | Noticed a two-headed ogre
 11640 | D:9      | Killed a two-headed ogre
 11897 | D:9      | Found Qamapnem's Armour Shoppe.
 11943 | D:9      | Reached skill level 5 in Shields
 12543 | D:10     | Entered Level 10 of the Dungeon
 12591 | D:10     | Noticed a two-headed ogre
 12603 | D:10     | Killed a two-headed ogre
 12604 | D:10     | Reached skill level 17 in Short Blades
 12627 | D:10     | Reached skill level 10 in Fighting
 12914 | D:10     | Found a runed translucent door.
 12916 | D:10     | Noticed an ogre mage
 12917 | D:10     | Found a runed translucent door.
 13240 | D:10     | Found Lauscheol's Jewellery Boutique.
 13898 | D:11     | Reached XP level 12. HP: 74/79 MP: 15/15
 13905 | D:11     | Noticed a skeletal warrior
 13906 | D:11     | Noticed a skeletal warrior
 13907 | D:11     | Noticed a skeletal warrior
 13910 | D:11     | Noticed a skeletal warrior
 14297 | D:11     | Reached skill level 5 in Invocations
 14454 | D:11     | Noticed Snorg
 14461 | D:11     | Killed Snorg
 14497 | D:11     | Noticed Lodul
 14512 | D:11     | Killed Lodul
 14929 | D:11     | Found a staircase to the Lair.
 15179 | D:11     | Reached skill level 18 in Short Blades
 15405 | Lair:1   | Entered Level 1 of the Lair of Beasts
 16626 | Lair:2   | Found a runed translucent door.
 16626 | Lair:2   | Found a shimmering altar of Xom.
 16626 | Lair:2   | Noticed ohados's ghost (journeyman FeEE)
 16627 | Lair:2   | Noticed a +1 trident of chaos
 16761 | Lair:2   | Found a staircase to the Snake Pit.
 17039 | Lair:2   | Noticed a four-headed hydra
 17054 | Lair:2   | Killed a four-headed hydra
 17409 | Lair:2   | Found a staircase to the Shoals.
 17422 | Lair:2   | Reached XP level 13. HP: 73/87 MP: 17/17
 18142 | Lair:3   | Found a hide-covered altar of Uskayaw.
 18143 | Lair:3   | Noticed a boulder beetle
 18144 | Lair:3   | Found an ornate altar of the Wu Jian Council.
 18147 | Lair:3   | Killed a boulder beetle
 18257 | Lair:3   | Reached ****** piety under Uskayaw
 20978 | Lair:5   | Noticed a four-headed hydra
 20985 | Lair:5   | Killed a four-headed hydra
 21060 | Lair:5   | Reached skill level 19 in Short Blades
 21110 | Lair:5   | Reached XP level 14. HP: 51/96 MP: 19/19
 21136 | Lair:5   | Reached skill level 15 in Fighting
 22130 | Lair:5   | Identified the +8 broad axe "Eviscerator" {freeze, Str+6
                  | Int+3 Dex+6}
 22523 | Lair:6   | Entered Level 6 of the Lair of Beasts
 22868 | Lair:6   | Identified the +0 cloak of the Known World {rN+}
 23380 | Lair:6   | Reached XP level 15. HP: 36/105 MP: 15/21
 24163 | Lair:6   | Reached skill level 10 in Invocations
 24233 | Lair:6   | Found a runed translucent door.
 24233 | Lair:6   | Found a viscous altar of Jiyva.
 24237 | Lair:6   | Found a staircase to the Slime Pits.
 24853 | D:10     | Reached skill level 10 in Armour
 25061 | D:10     | Identified the +8 long sword of the Shifting Gods {venom,
                  | rF+}
 25075 | D:10     | Reached skill level 10 in Shields
 25076 | D:10     | Reached skill level 20 in Short Blades
 25088 | D:10     | Identified the ring of Gusoryege {rPois rC++ Stlth+}
 26047 | D:12     | Noticed a sphinx
 26048 | D:12     | Noticed an orc warlord
 26059 | D:12     | Killed a sphinx
 26427 | D:12     | Found a staircase to the Orcish Mines.
 26853 | D:12     | Found the +5 glaive of the Guard {elec, spectral, AC+5}
 27397 | Orc:1    | Entered Level 1 of the Orcish Mines
 27687 | Orc:1    | Reached XP level 16. HP: 45/112 MP: 24/24
 28955 | Orc:2    | Entered Level 2 of the Orcish Mines
 29347 | Orc:2    | Found Juiman's Antique Weapon Boutique.
 29368 | Orc:2    | Found Guosyan's Antique Weapon Boutique.
 29368 | Orc:2    | Found Edyup's General Store.
 29375 | Orc:2    | Found Fexeihy's Antique Weapon Shop.
 29557 | Orc:2    | Bought a scroll of brand weapon for 300 gold pieces
 29558 | Orc:2    | Bought a pitted short sword for 216 gold pieces
 29558 | Orc:2    | Identified the +1 short sword "Killer Bee's Peril" {vorpal,
                  | rC+ Will- Stlth+} (You bought it in a shop on level 2 of
                  | the Orcish Mines)
 29651 | Orc:2    | Found a staircase to the Elven Halls.
 29915 | Orc:2    | Found Itonenin's General Store.
 30088 | D:13     | Found a gate leading to a gauntlet.
 30095 | Gauntlet | Entered a Gauntlet
 30098 | Gauntlet | Found a transporter.
 30133 | Gauntlet | Found a transporter.
 30183 | Gauntlet | Found a transporter.
 30197 | Gauntlet | Found a transporter.
 30247 | Gauntlet | Found a transporter.
 30283 | Gauntlet | Found a transporter.
 30301 | Gauntlet | Found a transporter.
 30301 | Gauntlet | Found a transporter.
 30313 | Gauntlet | Found a transporter.
 30313 | Gauntlet | Found a transporter.
 30333 | Gauntlet | Found a transporter.
 30333 | Gauntlet | Found a transporter.
 30495 | Gauntlet | Identified the ring of the Festooned God {Ice Fly}
 31970 | D:14     | Found a gate to the Vaults.
 32977 | Snake:1  | Entered Level 1 of the Snake Pit
 33025 | Snake:1  | Found Motaoxzy's Jewellery Shoppe.
 33027 | Snake:1  | Found Folef's Distillery.
 33029 | Snake:1  | Found Qoicwuja's Magic Scroll Shoppe.
 33032 | Snake:1  | Bought a potion of might for 44 gold pieces
 33032 | Snake:1  | Bought a potion of curing for 33 gold pieces
 33032 | Snake:1  | Bought a potion of curing for 33 gold pieces
 33032 | Snake:1  | Bought a potion of invisibility for 88 gold pieces
 33032 | Snake:1  | Bought a potion of heal wounds for 55 gold pieces
 33032 | Snake:1  | Bought a potion of curing for 33 gold pieces
 33032 | Snake:1  | Bought a potion of curing for 33 gold pieces
 33034 | Snake:1  | Bought a scroll of magic mapping for 52 gold pieces
 33034 | Snake:1  | Bought a scroll of teleportation for 45 gold pieces
 33047 | Snake:1  | Noticed Roxanne
 33059 | Snake:1  | Reached skill level 21 in Short Blades
 33063 | Snake:1  | Killed Roxanne
 33750 | Snake:1  | Noticed Asterion
 33764 | Snake:1  | Killed Asterion
 33765 | Snake:1  | Reached XP level 17. HP: 65/120 MP: 25/25
 33770 | Snake:1  | Noticed Aizul
 33785 | Snake:1  | Killed Aizul
 34803 | Snake:1  | Acquired the amulet of Jynagao {Acrobat Regen+ Dex+2}
 35407 | Snake:2  | Identified the +2 pair of gloves of Noux {rPois rF+ Str-3}
 35407 | Snake:2  | Noticed Nikola
 35418 | Snake:2  | Killed Nikola
 35877 | Snake:2  | Found Vep Ceto's Book Shop.
 35877 | Snake:2  | Found Mien's Book Shop.
 35878 | Snake:2  | Found Ytta's Jewellery Shoppe.
 36640 | Snake:3  | Found a frozen archway.
 36647 | IceCv    | Entered an ice cave
 36771 | IceCv    | HP: 3/120 [entropy weaver simulacrum (8)]
 36771 | IceCv    | Slain by an entropy weaver simulacrum

Illustrated notes

Levels and vault maps discovered:
D:1:      dpeg_arrival_yet_another_circle, layout_rooms,
          ebering_ecumenical_altar_box
D:2:      layout_basic, basic_altar, minmay_close_crescents, uniq_terence,
          uniq_robin
D:3:      layout_basic, ebering_ghost_sewer_d, kennysheep_boxes
D:4:      layout_gridville, uniq_sigmund, uniq_menkaure
D:5:      layout_cave_pods, nicolae_ossuary_entry_catacombs
D:6:      layout_basic, minmay_temple_entry_grid, uniq_eustachio, uniq_edmund
D:7:      layout_rooms, mainiacjoe_overflow_six_doors_small, enter_bailey_4
D:8:      layout_loops_cross, uniq_prince_ribbit1
D:9:      layout_roguey, serial_shops, nicolae_stop_n_shop_1
D:10:     minmay_the_grid_triangle_9x9_rhombus_full
          [minmay_the_grid_triangle_9x9_corruption,
          minmay_the_grid_triangle_9x9_zippers_horizontal,
          minmay_the_grid_triangle_9x9_tough_junction,
          minmay_the_grid_triangle_9x9_semitri,
          minmay_the_grid_triangle_9x9_sprig,
          minmay_the_grid_triangle_9x9_corrupted_corridor,
          minmay_the_grid_triangle_9x9_shrine,
          minmay_the_grid_triangle_9x9_prize_insulated], layout_basic,
          serial_shops, nicolae_shop_trees, hangedman_stone_soup
D:11:     cheibrodos_steamvent, layout_cave_pools, dpeg_oklobed_lair,
          serial_co_window_serial, co_window_paths_b, co_window_cross_1,
          co_window_corner_a, co_window_paths_a, co_window_corner_a,
          co_window_paths_b, co_window_paths_a, co_window_paths_c,
          co_window_paths_c, co_window_corner_b, co_window_4corner_b,
          glass_columns_b, uniq_lodul, uniq_snorg
D:12:     minmay_guarded_unrand_guard, layout_irregular_city, david_orc_3
D:13:     layout_basic, gauntlet_entry_generic, st_stairs_4
D:14:     layout_cave_pools, skrybe_vaults_entry_preservation,
          infiniplex_staircase_split_hallway
Temple:   dpeg_three_leaves_temple
Lair:1:   layout_roguey, lemuel_fruit_tree
Lair:2:   layout_regular_city, minmay_shoals_entry_hut,
          guppyfry_snake_entry_garden, ebering_ghost_xom,
          chequers_serial_rivers_small_a, minmay_hedge_maze
Lair:3:   layout_concentric_octagons, nzn_masters_of_martial_movement,
          grunt_megastairs_1
Lair:4:   layout_regular_city, serial_bayou_shore_a
Lair:5:   layout_gridlike, nicolae_lair_yak_garden
Lair:6:   grunt_lair_end_beastmaster, layout_cave_pods, slime_altar_2,
          grunt_megastairs_5
Snake:1:  layout_basic, minmay_shop_star, uniq_roxanne, uniq_asterion,
          uniq_aizul
Snake:2:  layout_basic, st_stairs_12, minmay_shop_grove, uniq_nikola
Snake:3:  layout_honeycomb, portal_ice_cave_entry_ice_statue_two,
          nicolae_snake_serpentine_bazaar, uniq_azrael
Orc:1:    nicolae_orc_accident_2, layout_caves, elves_outpost_lemuel
Orc:2:    st_orc_mages, layout_caves, serial_shops, shop
IceCv:    ice_cave_caverns_02

Skill      XL: |  1  2  3  4  5  6  7  8  9 10 11 12 13 14 15 16 |
---------------+-------------------------------------------------+-----
Short Blades   | 3 4 6 7 11 14 16 17 18 19 20 21 | 21.2
Dodging        | 1 2 3 4 5 6 |  6.5
Fighting       | 4 5 6 8 10 12 14 16 17 18 | 18.9
Armour         | 3 4 5 6 7 9 10 11 | 11.6
Stealth        | 1 3 4 |  4.0
Shields        | 3 4 5 6 8 9 10 11 | 11.9
Invocations    | 1 3 4 6 7 9 11 | 11.0

Action                   |  1- 3 |  4- 6 |  7- 9 | 10-12 | 13-15 | 16-18 || total
-------------------------+-------+-------+-------+-------+-------+-------++-------
Melee: Rapier            |   112 |   169 |   279 |   676 |   848 |   203 ||  2287
       Long sword        |       |       |       |       |       |   375 ||   375
Invok: Line Pass         |       |       |     5 |    11 |     3 |     4 ||    23
       Grand Finale      |       |       |       |       |     6 |     6 ||    12
Evoke: Wand              |       |       |       |     5 |     2 |     5 ||    12
  Use: Potion            |     2 |     2 |     5 |     2 |     4 |     6 ||    21
       Scroll            |     1 |     5 |     9 |    17 |     7 |     7 ||    46
 Stab: Sleeping          |       |     2 |    12 |    17 |    17 |    30 ||    78
       Distracted        |       |       |     1 |     2 |     5 |     6 ||    14
       Paralysed         |       |       |     1 |    41 |    81 |    61 ||   184
       Confused          |       |       |     1 |     5 |     1 |       ||     7
       Petrified         |       |       |       |       |     1 |       ||     1
Armor: Scale mail        |    44 |    68 |    80 |   143 |   220 |   171 ||   726
Dodge: Dodged            |    46 |    68 |   110 |   254 |   265 |   280 ||  1023
Block: Buckler           |    32 |    37 |    62 |   189 |   283 |   243 ||   846
       Reflection        |       |       |       |       |     1 |       ||     1

Table legend: (Time is in decaauts)
 A = Elapsed time spent in this place.
 B = Non-inter-level travel time spent in this place.
 C = Inter-level travel time spent in this place.
 D = Time resting spent in this place.
 E = Time spent auto-exploring this place.
 F = Levels seen in this place.
 G = Mean time per level.
                   A        B        C        D        E       F      G
               +--------+--------+--------+--------+--------+-----+--------+
         Total |  36111 |  34245 |   1866 |   5150 |  24257 |  30 | 1203.7 |
       Dungeon |  18849 |  17605 |   1244 |   2430 |  12838 |  14 | 1346.4 |
        Temple |     19 |     12 |      7 |      0 |      0 |   1 |   19.0 |
          Lair |   8793 |   8437 |    356 |    291 |   7099 |   6 | 1465.5 |
     Snake Pit |   3670 |   3580 |     90 |    995 |   2212 |   3 | 1223.3 |
  Orcish Mines |   2505 |   2337 |    168 |    551 |   1395 |   2 | 1252.5 |
       Ossuary |    157 |    157 |      0 |      0 |     81 |   1 |  157.0 |
        Bailey |   1581 |   1581 |      0 |    750 |    456 |   1 | 1581.0 |
      Ice Cave |    123 |    123 |      0 |     98 |      0 |   1 |  123.0 |
      Gauntlet |    409 |    409 |      0 |     34 |    175 |   1 |  409.0 |
               +--------+--------+--------+--------+--------+-----+--------+

Top non-repeatable levels by time:
    D:11: 2723 daAuts
  Lair:6: 2073 daAuts
 Snake:1: 1847 daAuts
   Orc:1: 1789 daAuts
 Snake:2: 1759 daAuts
  Lair:3: 1700 daAuts
     D:2: 1675 daAuts
  Bailey: 1581 daAuts
     D:3: 1516 daAuts
  Lair:5: 1493 daAuts
     D:4: 1474 daAuts
    D:12: 1438 daAuts
  Lair:2: 1360 daAuts
    D:13: 1329 daAuts
    D:10: 1320 daAuts
